 Dungeon Crawl Stone Soup version 0.29.1-12-g30fa7ad0bf (webtiles) character file.

Game seed: 2776899722811857034

894 mandoloar the Conjurer (level 7, 0/40 HPs)
             Began as a Deep Elf Conjurer on Dec 28, 2022.
             Slain by a phantom (5 damage)
             ... on level 4 of the Dungeon.
             The game lasted 00:20:54 (6660 turns).

mandoloar the Conjurer (Deep Elf Conjurer)          Turns: 6660, Time: 00:20:54

Health: 0/40       AC:  8    Str:  4    XL:     7   Next: 78%
Magic:  17/17      EV:  9    Int: 31    God:
Gold:   203        SH:  0    Dex: 13    Spells: 10/17 levels left

rFire   . . .      SeeInvis .   a - staff of earth
rCold   . . .      Faith    .   (no shield)
rNeg    . . .      Spirit   .   e - +2 ring mail
rPois   .          Reflect  .   n - +0 helmet
rElec   .          Harm     .   (no cloak)
rCorr   .          Rampage  .   (no gloves)
Will    .....                   (no boots)
Stlth   ++........              (no amulet)
HPRegen 0.13/turn               h - +6 ring of intelligence
MPRegen 0.15/turn               (no ring)

@: about to teleport, marked, hasted, very quick
A: no striking features
a: no special abilities


You were on level 4 of the Dungeon.
You visited 1 branch of the dungeon, and saw 5 of its levels.

You collected 203 gold pieces.

Inventory:

Armour
 e - a +2 ring mail (worn)
 n - a +0 helmet (worn)
Magical Staves
 a - a staff of earth (weapon)
Jewellery
 h - a +6 ring of intelligence (left hand)
Wands
 i - a wand of acid (8)
 l - a wand of roots (4)
 q - a wand of flame (10)
Scrolls
 c - a scroll of identify
 f - 2 scrolls of teleportation
 p - a scroll of enchant weapon
 r - a scroll of torment {unknown}
Potions
 b - a potion of magic
 d - a potion of might
 g - a potion of haste
 j - a potion of mutation
 k - a potion of degeneration
 m - a potion of brilliance
 o - a potion of berserk rage


   Skills:
 + Level 2.8 Fighting
 + Level 5.0 Dodging
 + Level 5.3 Stealth
 + Level 5.6 Spellcasting
 + Level 6.0 Conjurations
 + Level 3.6 Hexes


You had 10 spell levels left.
You knew the following spells:

 Your Spells              Type           Power      Damage    Failure   Level
a - Magic Dart            Conj           100%       1d8       2%          1
b - Searing Ray           Conj           92%        2d7       4%          2
c - Fulminant Prism       Conj/Hex       19%        3d11      38%         4

Your spell library contained the following spells:

 Spells                   Type           Power      Damage    Failure   Level
 Dazzling Flash           Conj/Hex       76%        N/A       13%         3
 Static Discharge         Conj/Air       27%        3-7/arc   14%         2
 Mephitic Cloud           Conj/Pois/Air  21%        N/A       38%         3
 Call Imp                 Summ           8%         N/A       43%         2
 Iskenderun's Mystic Bla  Conj/Tloc      27%        2d7       65%         4
 Lightning Bolt           Conj/Air       13%        1d27      94%         5
 Maxwell's Capacitive Co  Air            4%         ∞         100%        8


Dungeon Overview and Level Annotations

Branches:
Dungeon (5/15)
 Temple: D:4-7

Altars:
Dithmenos
Okawaru
The Shining One

Shops:
D:1 *[   D:2 (   D:5 :

Annotations:
D:4 Edmund


Message History

The searing ray hits the scorpion!
You kill the scorpion!
You feel sick.
Your Dodging skill increases to level 5!
You start resting.
You feel sick. x6
You are no longer poisoned.
You start resting.
Magic restored.
You start resting.
HP restored.
A sourceless malevolence fills the Dungeon...
With a horrendous wail, an alarm goes off!
A sentinel's mark forms upon you.
You hear a shout! x6; You hear an angry hiss.
You hear a shout!
An ogre comes into view. It is wielding a +0 giant spiked club.
A phantom comes into view.
Edmund the Younger comes into view.
He is wielding a +5 dire flail of protection.
An adder comes into view.
The phantom completely misses you.
The phantom hits you but does no damage.
Edmund hits you with a +5 dire flail of protection!
The phantom hits you but does no damage.
Edmund attacks as you move away!
Edmund hits you with a +5 dire flail of protection!
There is a stone staircase leading up here.
The adder completely misses you.
Edmund hits you with a +5 dire flail of protection!
* * * LOW HITPOINT WARNING * * *
The phantom hits you.
* * * LOW HITPOINT WARNING * * *
You climb upwards.
There is a stone staircase leading down here.
As you read the scroll of teleportation, it crumbles to dust.
You feel strangely unstable.
The phantom hits you but does no damage.
Edmund hits you with a +5 dire flail of protection.
* * * LOW HITPOINT WARNING * * *
Okay, then.
You feel yourself speed up. The phantom hits you.
You die...

.##.......####.....###..#
.....####...#.......#..##
.....# ##............##
..#..# ##.#........##
..#..# #..##........##
.##..# #.####........##
.....## ##.# #.........###
##....###..# ##...........#
##..)...#.####.@@..###...##
#..............W.#####...#
..###..#.........## #...##
### ##....#######.###...# #
##..## ##...#....#
##.######.#..####.#
##........### ###
##..)###.# #.#.# ###


You could see Edmund and a phantom.

Vanquished Creatures
  Grinder (D:4)
  Eustachio (D:4)
  A water moccasin (D:3)
  A bullfrog (D:4)
  A scorpion (D:5)
  2 hounds
  An iguana (D:5)
  An orc wizard (D:5)
  Robin (D:2)
  3 adders
  7 gnolls
  A worm (D:2)
  5 dart slugs
  2 orcs (D:5)
  5 bats
  5 endoplasms
  3 giant cockroaches
  10 goblins
  12 hobgoblins
  5 jackals
  5 quokkas
  12 ball pythons
  4 frilled lizards
  10 kobolds
  7 rats
106 creatures vanquished.

Notes
Turn   | Place    | Note
-------+----------+-------------------------------------------
     0 | D:1      | mandoloar the Deep Elf Conjurer began the quest for the
                  | Orb.
     0 | D:1      | Reached XP level 1. HP: 10/10 MP: 6/6
    71 | D:1      | Found a faded altar of an unknown god.
   348 | D:1      | Found Ippotoc's Antique Armour Emporium.
   556 | D:1      | Reached XP level 2. HP: 15/15 MP: 5/8
   788 | D:1      | Found Acroja's General Store.
  1991 | D:2      | Reached XP level 3. HP: 20/20 MP: 5/9
  2112 | D:2      | Found Fiesol's Antique Weapon Boutique.
  2148 | D:2      | Noticed Robin
  2494 | D:2      | Learned a level 2 spell: Searing Ray
  2569 | D:2      | Reached skill level 1 in Fighting
  2929 | D:2      | Killed Robin
  2930 | D:2      | Reached XP level 4. HP: 16/25 MP: 2/11
  3099 | D:3      | Found a glowing golden altar of the Shining One.
  3099 | D:3      | Found a shadowy altar of Dithmenos.
  3150 | D:3      | Found a glowing drain.
  3536 | D:3      | Learned a level 4 spell: Fulminant Prism
  3697 | D:3      | Reached skill level 5 in Conjurations
  3782 | D:3      | Noticed a water moccasin
  3882 | D:3      | Killed a water moccasin
  3883 | D:3      | Reached skill level 1 in Hexes
  3883 | D:3      | Reached XP level 5. HP: 30/30 MP: 5/13
  4119 | D:3      | Reached XP level 6. HP: 35/35 MP: 7/14
  4218 | D:3      | Found an iron altar of Okawaru.
  4988 | D:4      | Noticed Grinder
  5045 | D:4      | Noticed Eustachio
  5094 | D:4      | Killed Eustachio
  6053 | D:4      | Reached XP level 7. HP: 40/40 MP: 11/16
  6128 | D:4      | Killed Grinder
  6129 | D:4      | Reached skill level 5 in Stealth
  6129 | D:4      | Reached skill level 5 in Spellcasting
  6385 | D:5      | Entered Level 5 of the Dungeon
  6385 | D:5      | Found Exinwowk's Book Emporium.
  6514 | D:5      | Reached skill level 6 in Conjurations
  6520 | D:5      | Reached skill level 5 in Dodging
  6651 | D:5      | Noticed Edmund
  6660 | D:4      | Slain by a phantom

Illustrated notes

Levels and vault maps discovered:
D:1:      evilmike_arrival_come_back, layout_basic, serial_shops,
          nicolae_shop_advertising_works [nicolae_subvault_shop_adworks], shop,
          shapermc_ecumenical_altar_ellora
D:2:      layout_basic, serial_shops, shop, uniq_robin
D:3:      minmay_general_purpose_star, layout_rooms, okawaru_trees_1,
          gammafunk_temple_overflow_pools, gup_sewer_entry_glass,
          kennysheep_generic_room_7
D:4:      layout_layer_cave, uniq_grinder, uniq_eustachio
D:5:      layout_loops_ring, nicolae_overflow_hidden_temple,
          mainiacjoe_overflow_cross_hatched, serial_shops, shop,
          chequers_garden, uniq_edmund

Skill      XL: |  1  2  3  4  5  6  7 |
---------------+----------------------+-----
Stealth        | 3 4 5 |  5.3
Dodging        | 3 4 5 |  5.0
Fighting       | 1 2 |  2.8
Conjurations   | 5 6 |  6.0
Spellcasting   | 4 5 |  5.6
Hexes          | 1 2 3 |  3.6

Action                   |  1- 3 |  4- 6 |  7- 9 || total
-------------------------+-------+-------+-------++-------
Melee: Dagger            |     6 |       |       ||     6
       Staff             |       |     1 |       ||     1
 Cast: Magic Dart        |    85 |    65 |     8 ||   158
       Searing Ray       |     3 |    18 |    11 ||    32
  Use: Scroll            |     6 |     7 |     1 ||    14
       Potion            |       |       |     1 ||     1
Armor: Ring mail         |     2 |    11 |     5 ||    18
Dodge: Dodged            |     6 |     8 |     3 ||    17
